 Dungeon Crawl Stone Soup version 0.31-a0-1002-g8e65716e6e (webtiles) character file.

Game seed: 4488375089371460917

559 Tribosh the Trooper (level 7, -4/64 HPs)
             Began as a Ghoul Fighter on Nov 9, 2023.
             Was an Initiate of Makhleb.
             Slain by an orc warrior
             ... wielding a +0 dire flail
              (14 damage)
             ... on level 5 of the Dungeon.
             The game lasted 00:07:32 (4031 turns).

Tribosh the Trooper (Ghoul Fighter)                 Turns: 4031, Time: 00:07:33

Health: -4/64      AC:  9    Str: 22    XL:     7   Next: 31%
Magic:  0/6        EV: 14    Int:  3    God:    Makhleb [......]
Gold:   259        SH:  4    Dex:  8    Spells: 6/6 levels left

rFire   . .          .
                       - Unarmed
rCold   + . .        b - +0 buckler
rNeg    + + +        a - +0 scale mail
rPois   ∞            (no helmet)
rElec   .            o - +0 cloak
rCorr   +            (no gloves)
SInv    .            s - +0 pair of boots
Will    .....        f - amulet of guardian spirit Stlth
                     e - ring of resist corrosion
HPRegen 0.00/turn    y - +5 ring of evasion
MPRegen 0.10/turn

%: guardian spirit
@: inhibited regen, studying Fighting
A: claws 1, cold resistance 1, negative energy resistance 3, inhibited
regeneration, torment resistance 2, devour on kill
a: Renounce Religion


You were on level 5 of the Dungeon.
You worshipped Makhleb.
Makhleb was noncommittal.
You visited 2 branches of the dungeon, and saw 7 of its levels.
You also visited: Sewer.

You collected 259 gold pieces.

Inventory:

Armour
 a - a +0 scale mail (worn)
 b - a +0 buckler (worn)
 h - a +0 troll leather armour {Pargi}
 o - a +0 cloak (worn)
 s - a +0 pair of boots (worn)
Jewellery
 e - a ring of resist corrosion (left claw)
 f - an amulet of guardian spirit (around neck)
 y - a +5 ring of evasion (right claw)
Scrolls
 c - a scroll of identify
 d - 2 scrolls of enchant weapon {unknown}
 l - 4 scrolls of enchant armour
 m - 2 scrolls of teleportation {unknown}
 n - a scroll of fear {unknown}
 p - a scroll of immolation {unknown}
 q - 2 scrolls of revelation {unknown}
 r - a scroll of poison {unknown}
 t - 2 scrolls of noise {unknown}
 u - a scroll of vulnerability {unknown}
 B - a scroll of summoning {unknown}
Potions
 g - a potion of enlightenment
 i - a potion of attraction
 j - a potion of curing
 k - a potion of degeneration {unknown}
 v - a potion of lignification {unknown}
 w - a potion of haste
 x - a potion of resistance {unknown}
 z - 3 potions of cancellation {unknown}
 A - a potion of might


   Skills:
 * Level 6.5 Fighting
 + Level 4.3 Armour
 + Level 4.2 Shields
 + Level 4.5 Unarmed Combat
 + Level 0.8 Invocations


You had 6 spell levels left.
You didn't know any spells.
Your spell library contained the following spells:

 Spells                   Type           Power      Damage    Failure   Level
 Apportation              Tloc           0%         N/A       88%         1
 Necrotise                Necr           0%         1d4       88%         1
 Summon Small Mammal      Summ           0%         N/A       88%         1
 Cigotuvi's Dreadful Rot  Necr/Pois/Air  0%         N/A       96%         2
 Ignite Poison            Fire/Tmut/Pois 0%         N/A       99%         3
 Freezing Cloud           Conj/Ice/Air   0%         6-21      100%        5


Dungeon Overview and Level Annotations

Branches:
Dungeon (6/15)             Temple (1/1) D:5           Sewer (visited)

Altars:
Ashenzari
Cheibriados
Fedhas
Hepliaklqana
Kikubaaqudgha
Makhleb
Nemelex Xobeh
Qazlal
Ru
Sif Muna
Trog
Uskayaw
Vehumet
Wu Jian
Xom

Annotations:
D:4 3 runed translucent doors, zero's ghost, amateur GrEE
D:6 2 transporters, decrepitude's ghost, novice VSEn


Innate Abilities, Weirdness & Mutations

You are immune to poison.
You have sharp fingernails.
Your flesh is cold resistant. (rC+)
You are immune to negative energy. (rN+++)
You do not regenerate when monsters are visible.
You are immune to unholy pain and torment.
You thrive by killing the living.


Message History

You block the orc's attack. The orc hits you but does no damage.
The orc warrior attacks as it pursues you!
You block the orc warrior's attack.
There is a stone staircase leading up here.
The orc hits you but does no damage. The orc warrior completely misses you.
You climb upwards.
There is a stone staircase leading down here.
You feel better. You block the orc's attack.
The orc warrior hits you with a +0 dire flail!
* * * LOW HITPOINT WARNING * * *
You scratch the orc.
The orc is severely wounded.
The orc barely misses you. You block the orc warrior's attack.
You scratch the orc.
You kill the orc!
Makhleb accepts your kill.
You feel better. You block the orc warrior's attack.
You scratch the orc warrior but do no damage.
The orc warrior is severely wounded.
The orc warrior hits you with a +0 dire flail.
* * * LOW HITPOINT WARNING * * *
You barely miss the orc warrior.
The orc warrior is severely wounded.
The orc warrior hits you with a +0 dire flail.
* * * LOW HITPOINT WARNING * * *
You scratch the orc warrior but do no damage.
The orc warrior is severely wounded.
The orc warrior misses you.
You scratch the orc warrior.
The orc warrior is almost dead.
The orc warrior hits you with a +0 dire flail.
* * * LOW HITPOINT WARNING * * *
You feel better. The orc warrior closely misses you.
You scratch the orc warrior but do no damage.
The orc warrior is almost dead.
The orc warrior hits you but does no damage.
You barely miss the orc warrior.
The orc warrior is severely wounded.
The orc warrior hits you with a +0 dire flail!
You die...

..........####...............##..
.............................#...
.................#...............
......>.........##...............
.........#......##.............##
.##....#.###...................##
.##....#.# #...##..............#.
##.......# #>...o...........#....
#....#...###....@............#...
.....##.##.#....)...........##.##
.....#).....................#####
............##..............#.##.
.#...............................
.##..............................
.........#...........<...........
....._......#.........#..........
...#####....##.......##........##


You could see an orc warrior.

Vanquished Creatures
  Pargi (Sewer)
  2 ogres (D:4)
  A scorpion (D:5)
  A hound (D:5)
  An orc priest (D:6)
  A sleepcap (D:5)
  4 adders
  A worm (D:3)
  7 dart slugs
  3 orcs (D:5)
  9 bats
  7 endoplasms
  4 giant cockroaches
  10 goblins
  7 hobgoblins
  8 kobolds
  13 quokkas
  4 ball pythons
  5 frilled lizards
  6 rats
95 creatures vanquished.

Notes
Turn   | Place    | Note
-------+----------+-------------------------------------------
     0 | D:1      | Tribosh the Ghoul Fighter began the quest for the Orb.
     0 | D:1      | Reached XP level 1. HP: 19/19 MP: 0/0
   127 | D:1      | Reached XP level 2. HP: 26/26 MP: 1/1
   298 | D:1      | Reached XP level 3. HP: 31/31 MP: 2/2
  1325 | D:2      | Reached XP level 4. HP: 37/40 MP: 3/3
  1707 | D:2      | Reached skill level 4 in Fighting
  2407 | D:3      | Found a blossoming altar of Fedhas.
  2713 | D:4      | Noticed an ogre
  2723 | D:4      | Killed an ogre
  2724 | D:4      | Reached XP level 5. HP: 29/47 MP: 2/4
  2730 | D:4      | Reached skill level 5 in Fighting
  2863 | D:4      | Noticed an ogre
  2872 | D:4      | Killed an ogre
  2873 | D:4      | Reached XP level 6. HP: 42/56 MP: 3/5
  2984 | D:4      | Found a glowing drain.
  3001 | Sewer    | Entered a sewer
  3047 | Sewer    | Noticed Pargi
  3060 | Sewer    | Killed Pargi
  3420 | D:4      | Found a runed translucent gate.
  3421 | D:4      | Found a runed translucent gate.
  3421 | D:4      | Noticed zero's ghost (amateur GrEE)
  3422 | D:4      | Found a runed translucent gate.
  3520 | D:5      | Entered Level 5 of the Dungeon
  3521 | D:5      | Found a staircase to the Ecumenical Temple.
  3559 | D:5      | Reached skill level 6 in Fighting
  3559 | D:5      | Reached XP level 7. HP: 63/63 MP: 6/6
  3583 | Temple   | Entered the Ecumenical Temple
  3592 | Temple   | Became a worshipper of Makhleb the Destroyer
  3737 | D:5      | Found a shimmering altar of Xom.
  3737 | D:5      | Noticed an angel
  3999 | D:6      | Noticed decrepitude's ghost (novice VSEn)
  3999 | D:6      | Found a transporter.
  3999 | D:6      | Found a transporter.
  4004 | D:6      | Noticed a yak
  4028 | D:5      | HP: 2/64 [orc warrior/+0 dire flail (4)]
  4031 | D:5      | Slain by an orc warrior

Illustrated notes

Levels and vault maps discovered:
D:1:      evilmike_arrival_plus, layout_basic
D:2:      layout_basic
D:3:      layout_basic, lemuel_doored_altar, chequers_hall_statues_corner_a
D:4:      layout_rooms, gammafunk_ghost_nasty_kobolds, gup_sewer_entry_bubbles,
          small_statue_alley_b
D:5:      layout_cave_pools, grunt_temple_overflow_order_and_chaos_1,
          minmay_temple_entry_statues_pillars
D:6:      layout_basic, gammafunk_ghost_arena, uniq_duvessa, uniq_edmund,
          uniq_pikel
Temple:   nicolae_temple_no_exploring_needed

Skill      XL: |  1  2  3  4  5  6 |
---------------+-------------------+-----
Armour         | 3 4 |  4.3
Shields        | 3 4 |  4.2
Unarmed Combat | 3 4 |  4.5
Fighting       | 4 5 6 |  6.5
Invocations    | |  0.8

Action                     |  1- 3 |  4- 6 |  7- 9 || total
---------------------------+-------+-------+-------++-------
  Melee: Unarmed           |   126 |   157 |    59 ||   342
    Use: Scroll            |       |     4 |       ||     4
         Potion            |       |     2 |     2 ||     4
 Armour: Scale mail        |    78 |    93 |    31 ||   202
  Dodge: Dodged            |    46 |    67 |    43 ||   156
  Block: Buckler           |    24 |    20 |    17 ||    61

Table legend: (Time is in decaauts)
 A = Elapsed time spent in this place.
 B = Non-inter-level travel time spent in this place.
 C = Inter-level travel time spent in this place.
 D = Time resting spent in this place.
 E = Time spent auto-exploring this place.
 F = Levels seen in this place.
 G = Mean time per level.
                   A        B        C        D        E       F      G
               +--------+--------+--------+--------+--------+-----+--------+
         Total |   4049 |   4042 |      7 |      0 |   2878 |   8 |  506.1 |
       Dungeon |   3913 |   3906 |      7 |      0 |   2856 |   6 |  652.2 |
        Temple |     20 |     20 |      0 |      0 |      0 |   1 |   20.0 |
         Sewer |    114 |    114 |      0 |      0 |     22 |   1 |  114.0 |
               +--------+--------+--------+--------+--------+-----+--------+

Top non-repeatable levels by time:
     D:2: 1039 daAuts
     D:1: 867 daAuts
     D:4: 770 daAuts
     D:3: 748 daAuts
     D:5: 466 daAuts
   Sewer: 114 daAuts
     D:6: 21 daAuts
  Temple: 20 daAuts
